cohdb
Replays
Latest Replays
All Replays
Popular Replays
Top Player Replays
Match Explorer
How It Works
Community
CoH3 Stats
Reddit
Sign in to upload your games and track your stats! →
Sign in with Steam
Match 38344363
Unlisted
Match 38344363
Overview
Messages
Build Orders
End
Selects Luftwaffe Battlegroup
Selects Luftwaffe Pioneer Support
Fallschirmpioneer Squad Paradrop
Construct Infanterie Kompanie
Grenadier Squad
Grenadier Squad
Infanterie Officer Quarters
MG 42 Machine Gun Team
Selects LG40 Recoilless Gun Paradrop
LG40 Recoilless Gun Paradrop
Grenadier Squad
Sniper
MG 42 Machine Gun Team
Alfonso
KevinTDW
*Mule
CAuMOH
0
0
Comments
sign in to comment!
No comments posted yet!